AoeStats
← LVH.TGGO

Arabian Desert

510636209Analyzed
1v1 RM · 1d ago on Oct 1, 2026· 13m 23s· 2 players
Game mode
Random Map
Map size
Tiny (2 player)
Population
200
Speed
Normal
Resources
Standard
Victory
Conquest
Starting age
Dark Age
Ending age
Imperial Age
RankedLock teamsTeams togetherTeam positionsShared explorationLock speedFull tech treeHidden civsTurbo modeCheats
Victory
Defeat
🇦🇷 Japanese · Argentina
1566
+16
🇺🇸 Muisca · United States
1558
-16
Veci
7:04 Loom
9:19 Feudal Age
10:04 Double-Bit Axe
12:44 Fletching
LVH.TGGO
7:26 Loom
9:37 Feudal Age
9:43 Man-at-Arms
10:48 Arson
11:57 Town Watch
Connection lost

Rejoining the realm…

Still unreachable

The connection could not be restored.

Session expired

The server has moved on; the page needs a fresh start.